 Dungeon Crawl Stone Soup version 0.17.1-3-g152610e (webtiles) character file.

32 Goblin1989 the Twirler (level 3, 0/27 HPs)
             Began as a Demonspawn Gladiator on Feb 23, 2016.
             Was an Initiate of Yredelemnul.
             Killed from afar by Sigmund (10 damage)
             ... with a puff of flame
             ... on level 2 of the Dungeon.
             The game lasted 00:03:13 (1260 turns).

Goblin1989 the Twirler (Demonspawn Gladiator)       Turns: 1260, Time: 00:03:13

Health: 0/27       AC:  6    Str: 16    XL:     3   Next: 10%
Magic:  3/3        EV: 10    Int:  9    God:    Yredelemnul [......]
Gold:   79         SH:  0    Dex: 13    Spells: 0 memorised, 2 levels left

rFire  . . .     SeeInvis .       - Unarmed
rCold  . . .     Clarity  .     t - +0 scale mail
rNeg   . . .     SustAt   .     (no shield)
rPois  .         Gourm    .     (helmet restricted)
rElec  .         Spirit   .     (no cloak)
rCorr  .         Warding  .     (no gloves)
rMut   .         Stasis   .     (no boots)
MR     .....                    (no amulet)
Stlth  ..........               (no ring)
                                (no ring)

@: confused, not resistant to hostile enchantments, extremely unstealthy
A: antennae 1, claws 1
a: Renounce Religion


You were on level 2 of the Dungeon.
You worshipped Yredelemnul.
Yredelemnul was noncommittal.
You were very hungry.

You visited 1 branch of the dungeon, and saw 2 of its levels.

You collected 79 gold pieces.

Inventory:

Missiles
 d - 4 throwing nets (quivered)
Armour
 t - a +0 scale mail (worn)
Scrolls
 j - a scroll of remove curse {unknown}
 k - a scroll of teleportation {unknown}
 m - a scroll of amnesia {unknown}
 n - 2 scrolls of fear {unknown}
 o - 2 scrolls of magic mapping {unknown}
 p - 3 scrolls of identify {unknown}
 q - a scroll of recharging {unknown}
 r - a scroll of blinking {unknown}
Potions
 a - a potion of ambrosia {unknown}
 h - a potion of might {unknown}
 i - a potion of heal wounds
 l - a potion of lignification {unknown}
 s - a potion of curing {unknown}
Comestibles
 e - 2 bread rations
 f - 4 fruits
 g - 2 beef jerkies


   Skills:
 - Level 2.0 Fighting
   Level 3.2 Staves
 - Level 1.7 Throwing
 - Level 2.6 Dodging
 * Level 1.7 Unarmed Combat


You had 2 spell levels left.
You didn't know any spells.

Dungeon Overview and Level Annotations

Branches:
Dungeon (2/15)

Altars:
Qazlal
Sif Muna
Trog
Yredelemnul

Annotations:
D:2 Sigmund


Innate Abilities, Weirdness & Mutations

You have a pair of small antennae on your head.
You have sharp fingernails.


Message History

You are too confused!
You are too confused!
You closely miss Sigmund.
Sigmund is moderately wounded.
Sigmund casts a spell at you. The puff of flame hits you!
* * * LOW HITPOINT WARNING * * *
You bump into the rock wall.
Sigmund hits you but does no damage.
Unknown command.
Drink which item? (? for menu, Esc to quit)
It was a potion of heal wounds.
You feel much better.
You bump into the rock wall.
Sigmund gestures at you while chanting. The magic dart hits you!
You closely miss Sigmund.
Sigmund is moderately wounded.
Sigmund points at you and mumbles some strange words.
The puff of flame hits you!
You die...
Your body rises from the dead as a mindless zombie.

### !(# #.# #.#
####.# ..##@#
#.##@# # #.##.#
#.##.##.# ##
#.(....?# .##
####.#### ..##
### #.#
...######.###.#
....#.........#
....'†......#)#


You could see Sigmund.

Vanquished Creatures
  4 giant cockroaches
  4 goblins
  3 hobgoblins
  9 kobolds
  3 giant newts
  5 jackals
  A quokka (D:2)
  2 rats (D:2)
  A spectral orc (D:2)
32 creatures vanquished.

Notes
Turn   | Place    | Note
--------------------------------------------------------------
     0 | D:1      | Goblin1989 the Demonspawn Gladiator began the quest for the Orb.
     0 | D:1      | Reached XP level 1. HP: 16/16 MP: 1/1
    97 | D:1      | Reached skill level 3 in Staves
   245 | D:1      | Gained mutation: You have sharp fingernails. [demonic ancestry]
   245 | D:1      | Reached XP level 2. HP: 19/22 MP: 2/2
   694 | D:2      | Found a bloodstained altar of Trog.
   694 | D:2      | Found a stormy altar of Qazlal.
   695 | D:2      | Found a deep blue altar of Sif Muna.
   866 | D:2      | Found a basalt altar of Yredelemnul.
   877 | D:2      | Became a worshipper of Yredelemnul the Dark
   912 | D:2      | Reached skill level 1 in Unarmed Combat
   989 | D:2      | Gained mutation: You have a pair of small antennae on your head. [demonic ancestry]
   989 | D:2      | Reached XP level 3. HP: 14/27 MP: 3/3
  1238 | D:2      | Noticed Sigmund
  1256 | D:2      | HP: 1/27 [Sigmund/puff of flame (11)]
  1260 | D:2      | Killed from afar by Sigmund

Action                   || total
-------------------------++-------
Melee: Quarterstaff      ||    21
       Unarmed           ||   118
  Use: Potion            ||     1
